 Dungeon Crawl Stone Soup version 0.31-a0-256-g80acddb972 (webtiles) character file.

Game seed: 11599554129037376583

39 qw the Shooter (level 3, -7/21 HPs)
             Began as a Gargoyle Hexslinger on July 12, 2023.
             Mangled by Sigmund
             ... wielding a +0 scythe
              (9 damage)
             ... on level 2 of the Dungeon.
             The game lasted 00:00:24 (776 turns).

qw the Shooter (Gargoyle Hexslinger)                 Turns: 776, Time: 00:00:24

Health: -7/21      AC:  5    Str: 11    XL:     3   Next: 47%
Magic:  4/4        EV: 12    Int: 13    God:
Gold:   17         SH:  0    Dex: 14    Spells: 3/4 levels left

rFire   . . .        Y - +1 sling
rCold   . . .        (no shield)
rNeg    + . .        c - +0 robe
rPois   inf          (no helmet)
rElec   +            (no cloak)
rCorr   .            (no gloves)
SInv    .            (no boots)
Will    .....        (no amulet)
Stlth   +            (no ring)
HPRegen 0.23/turn    (no ring)
MPRegen 0.09/turn

%: no passive effects
@: no status effects
A: sickness immunity, AC +3, negative energy resistance 1, electricity
resistance, torment resistance 1, petrification resistance
a: no special abilities


You were on level 2 of the Dungeon.
You visited 1 branch of the dungeon, and saw 2 of its levels.

You collected 17 gold pieces.


Innate Abilities, Weirdness & Mutations

You are immune to sickness and miasma.
Your stone body is resilient. (AC +3)
You are immune to poison.
You resist negative energy. (rN+)
You are resistant to electric shocks. (rElec)
You are resistant to unholy torment.
You are immune to petrification.


   Skills:
 - Level 2.0 Fighting
 + Level 3.4 Ranged Weapons
 - Level 1.5 Dodging
 - Level 1.0 Spellcasting
 - Level 2.6 Hexes


You had 3 spell levels left.
You knew the following spells:

 Your Spells              Type           Power      Damage    Failure   Level
a - Slow                  Hex            28%        N/A       10%         1

Your spell library contained the following spells:

 Spells                   Type           Power      Damage    Failure   Level
 Inner Flame              Hex/Fire       4%         N/A       43%         3
 Portal Projectile        Hex/Tloc       8%         N/A       43%         3
 Cause Fear               Hex            3%         N/A       67%         4

Inventory:

Hand Weapons
 Y - a +1 sling (weapon)
Armour
 c - a +0 robe (worn)
Potions
 d - a potion of lignification {unknown}
 f - a potion of berserk rage {unknown}
 g - a potion of heal wounds {unknown}

Dungeon Overview and Level Annotations

Branches:
Dungeon (2/15)

Altars:

Annotations:
D:2 Sigmund


Message History

You are confused.
758 ||| STAIRDANCE In your confused state, you trip and fall back down the stairs.
760 ||| STAIRDANCE HP restored.
You climb upwards.
Reactivating autopickup.
There is a stone staircase leading down here.
You feel less confused.
Done exploring.
(D) Dungeon
Where to? (* - list waypoints, Enter - D:2, ? - help)
What level of the Dungeon? (default 1, ? - help)
You climb downwards.
Level annotation: Sigmund
There is a stone staircase leading up here.
There is a strange disturbance nearby!
766 ||| Stepping randomly (disturbance).
Deactivating autopickup; reactivate with Ctrl-A.
You are confused.
You shoot a sling bullet. You shoot a sling bullet. You shoot a sling bullet.
Something hits you!
You shoot a sling bullet. Something hits you.
You shoot a sling bullet.
You feel less confused.
You shoot a sling bullet. Something hits you but does no damage.
You shoot a sling bullet.
A magic dart appears from out of thin air!
The magic dart hits you.
You shoot a sling bullet. Something completely misses you.
You shoot a sling bullet. Something hits you.
You shoot a sling bullet. Something hits you!
You die...

...###. .#
..$..#.#.#
.........#
........#
#.[....#
#.##.{...###...
#..............
#...@####
.....#+#<..#
### #.....#
...?....#
########.# .#
.# #


There were no monsters in sight!

Vanquished Creatures
  A gnoll (D:1)
  5 ball pythons (D:1)
  3 endoplasms (D:1)
  A giant cockroach (D:1)
  5 goblins (D:1)
  3 hobgoblins (D:1)
  A quokka (D:1)
  3 bats (D:1)
  A frilled lizard (D:1)
  4 kobolds (D:1)
  2 rats (D:1)
29 creatures vanquished.

Notes
Turn   | Place    | Note
-------+----------+-------------------------------------------
     0 | D:1      | qw the Gargoyle Hexslinger began the quest for the Orb.
     0 | D:1      | Reached XP level 1. HP: 12/12 MP: 2/2
     0 | D:1      | 0 ||| qw: Version: 0.3-a-52-g30416fa
     0 | D:1      | 0 ||| qw: Game counter: 6744
     0 | D:1      | 0 ||| qw: Melee chars always use a shield: true
     0 | D:1      | 0 ||| qw: God list: Okawaru
     0 | D:1      | 0 ||| qw: Allow faded altars: false
     0 | D:1      | 0 ||| qw: Do Orc after clearing Dungeon:15 true
     0 | D:1      | 0 ||| qw: Do second Lair branch before Depths: true
     0 | D:1      | 0 ||| qw: Lair rune preference: random
     0 | D:1      | 0 ||| qw: Goals: Normal
     0 | D:1      | 0 ||| PLANNING D:1-11
    66 | D:1      | Reached XP level 2. HP: 15/16 MP: 3/3
    94 | D:1      | Reached skill level 3 in Ranged Weapons
   260 | D:1      | Reached XP level 3. HP: 19/20 MP: 4/4
   654 | D:1      | 654 ||| READING scroll labelled QEERAE CIYSHI.
   657 | D:1      | 657 ||| DROPPING scroll of poison.
   684 | D:2      | Noticed Sigmund
   688 | D:2      | 688 ||| STAIRDANCE
   715 | D:2      | 715 ||| STAIRDANCE
   758 | D:2      | 758 ||| STAIRDANCE
   760 | D:2      | 760 ||| STAIRDANCE
   766 | D:2      | 766 ||| Stepping randomly (disturbance).
   773 | D:2      | HP: 5/21 [something/magic dart (4)]
   775 | D:2      | HP: 2/21 [something (4)]
   776 | D:2      | Mangled by Sigmund

Levels and vault maps discovered:
D:1:      dpeg_arrival_simpleton_a, layout_basic
D:2:      layout_basic, serial_shops, shop, uniq_sigmund

Skill      XL: |  1  2  3 |
---------------+----------+-----
Ranged Weapons | 3 |  3.4
Fighting       | 2 |  2.0
Dodging        | |  1.5
Spellcasting   | |  1.0
Hexes          | |  2.6

Action                     || total
---------------------------++-------
   Fire: Sling             ||   108
    Use: Scroll            ||     1
 Armour: Robe              ||     9
  Dodge: Dodged            ||    32

Table legend:
 A = Non-vault XP
 B = Vault XP
 C = Vault XP percentage of total XP
 D = Non-vault monster count
 E = Vault monster count
 F = Vault count percentage of total count
                 A         B        C        D         E       F
            +---------+---------+-------+---------+---------+-------
      Total |      57 |       0 |   0.0 |      29 |       0 |   0.0
            +---------+---------+-------+---------+---------+-------
        D:1 |      57 |       0 |   0.0 |      29 |       0 |   0.0
            +---------+---------+-------+---------+---------+-------
